 Dungeon Crawl Stone Soup version 0.31.0-11-ge490571c62 (webtiles) character file.

Game seed: 7011161379820433321

193 qw the Skirmisher (level 5, 0/29 HPs)
             Began as a Deep Elf Hunter on Feb 3, 2024.
             Slain by a black bear (3 damage)
             ... on level 4 of the Dungeon.
             The game lasted 00:00:08 (2125 turns).

qw the Skirmisher (Deep Elf Hunter)                 Turns: 2125, Time: 00:00:09

Health: 0/29       AC:  6    Str: 10    XL:     5   Next: 43%
Magic:  7/7        EV: 11    Int: 14    God:
Gold:   53         SH:  0    Dex: 18    Spells: 4/4 levels left

rFire   . . .        a - +1 shortbow
rCold   . . .        (shield currently unavailable)
rNeg    . . .        f - +0 ring mail
rPois   .            h - +0 helmet
rElec   .            (no cloak)
rCorr   .            (no gloves)
SInv    .            (no boots)
Will    .....        (no amulet)
Stlth   +            (no ring)
HPRegen 0.24/turn    (no ring)
MPRegen 0.10/turn

%: no passive effects
@: no status effects
A: no striking features
a: no special abilities


You were on level 4 of the Dungeon.
You visited 1 branch of the dungeon, and saw 4 of its levels.

You collected 168 gold pieces.
You spent 115 gold pieces at shops.


   Skills:
 + Level 1.5 Fighting
 - Level 9.0 Ranged Weapons
 - Level 2.4 Dodging
 - Level 1.2 Stealth


You had 4 spell levels left.
You didn't know any spells.
Your spell library was empty.

Inventory:

Hand Weapons
 a - a +1 shortbow (weapon)
Armour
 f - a +0 ring mail (worn)
 h - a +0 helmet (worn)
Potions
 b - a potion of heal wounds
 d - a potion of curing
 g - 2 potions of mutation
 m - a potion of degeneration {unknown}

Dungeon Overview and Level Annotations

Branches:
Dungeon (4/15)             Temple (0/1) D:4

Altars:
Gozag
Qazlal

Shops:
D:2 *   D:3 *

Annotations:
D:4 2 runed translucent doors, qw's ghost, amateur DEHu


Message History

The black bear claws you but does no damage.
You shoot an arrow. The arrow barely misses the black bear.
The black bear barely misses you. x2
The black bear claws you but does no damage.
You shoot an arrow. The arrow barely misses the black bear.
The black bear bites you. The black bear closely misses you.
The black bear claws you.
You shoot an arrow. The arrow hits the black bear.
The black bear is heavily wounded.
The black bear closely misses you. The black bear claws you. x2
You shoot an arrow. The arrow hits the black bear.
The black bear is heavily wounded.
The black bear bites you but does no damage.
The black bear claws you.
The black bear claws you but does no damage.
You shoot an arrow. The arrow barely misses the black bear.
The black bear bites you. The black bear closely misses you.
The black bear claws you but does no damage.
You shoot an arrow. The arrow hits the black bear!
The black bear is severely wounded.
The black bear goes berserk!
The black bear closely misses you. The black bear claws you. x2
2122 ||| DRINKING 2 potions of heal wounds.
You feel much better. The black bear misses you. The black bear claws you.
The black bear barely misses you.
You shoot an arrow. The arrow hits the black bear!
The black bear is almost dead.
The black bear completely misses you. The black bear closely misses you. x3
The black bear claws you. x2
You shoot an arrow.
The arrow closely misses the black bear.
The black bear bites you.
The black bear claws you but does no damage. x2
You shoot an arrow.
The arrow hits the black bear but does no damage.
The black bear is almost dead.
The black bear barely misses you. The black bear claws you. x2
The black bear closely misses you. x2; The black bear claws you.
You die...

#....#####.######## #....#
#..........# #....#
#..........# ### #....#
#..........###.#
#....###..........##..#
#......#[.........##.##
#....#.#..........#..#
####...#..........#.##
##....#<....h@.<.#
#.#...........###
#.#.............### #####
#.............#...### ###....
##.......##.........###...##.
#.....%..##.................
##......#.##........###......
#.......#.#.............##..#
#............................


You could see a black bear (berserk).

Vanquished Creatures
  2 bombardier beetles (D:4)
  A hound (D:4)
  4 adders
  3 dart slugs
  A ribbon worm (D:3)
  6 endoplasms
  2 giant cockroaches
  8 goblins
  4 hobgoblins
  3 jackals (D:2)
  4 kobolds
  2 quokkas
  6 ball pythons
  2 bats
  6 frilled lizards
  2 rats (D:1)
56 creatures vanquished.

Notes
Turn   | Place    | Note
-------+----------+-------------------------------------------
     0 | D:1      | qw the Deep Elf Hunter began the quest for the Orb.
     0 | D:1      | Reached XP level 1. HP: 12/12 MP: 3/3
     0 | D:1      | 0 ||| qw: Version: 0.3-a-157-g843a77d
     0 | D:1      | 0 ||| qw: Game counter: 3991
     0 | D:1      | 0 ||| qw: Melee chars always use a shield: true
     0 | D:1      | 0 ||| qw: God list: Okawaru
     0 | D:1      | 0 ||| qw: Allow faded altars: false
     0 | D:1      | 0 ||| qw: Do Orc after clearing Dungeon:15 true
     0 | D:1      | 0 ||| qw: Do second Lair branch before Depths: true
     0 | D:1      | 0 ||| qw: Lair rune preference: random
     0 | D:1      | 0 ||| qw: Goals: Normal
     0 | D:1      | 0 ||| PLANNING D:1-11
   116 | D:1      | Reached skill level 6 in Ranged Weapons
   116 | D:1      | Reached XP level 2. HP: 12/16 MP: 4/4
   398 | D:1      | Reached XP level 3. HP: 20/20 MP: 5/5
   406 | D:1      | Found a faded altar of an unknown god.
   599 | D:1      | Found a stormy altar of Qazlal.
   606 | D:1      | 606 ||| UPGRADING to +0 ring mail.
   616 | D:1      | 616 ||| DROPPING +0 leather armour.
   617 | D:1      | 617 ||| READING 2 scrolls labelled ISTRIE DORERAIT.
   617 | D:1      | 617 ||| IDENTIFYING bubbling green potion
   618 | D:1      | 618 ||| READING scroll of identify.
   618 | D:1      | 618 ||| IDENTIFYING 2 blue potions
   626 | D:1      | 626 ||| DROPPING scroll of butterflies.
   634 | D:1      | 634 ||| DROPPING potion of attraction.
   720 | D:2      | Found an opulent altar of Gozag.
   744 | D:2      | Reached skill level 7 in Ranged Weapons
   911 | D:2      | Found Orung's General Store.
   920 | D:2      | 920 ||| BUYING +0 helmet (49 gold).
   920 | D:2      | Bought a +0 helmet for 49 gold pieces
   920 | D:2      | 920 ||| SHOPLISTING scroll of brand weapon (104 gold, have
                  | 38).
   920 | D:2      | 920 ||| BUYING scroll of identify (22 gold).
   920 | D:2      | Bought a scroll of identify for 22 gold pieces
  1273 | D:2      | 1273 ||| DROPPING scarf of shadows.
  1274 | D:2      | 1274 ||| UPGRADING to +0 helmet.
  1279 | D:2      | 1279 ||| DROPPING ring of magical power.
  1280 | D:2      | 1280 ||| READING 2 scrolls of identify.
  1280 | D:2      | 1280 ||| IDENTIFYING inky potion
  1319 | D:3      | Reached XP level 4. HP: 25/25 MP: 6/6
  1476 | D:3      | Found Woihithro's General Store.
  1485 | D:3      | 1485 ||| SHOPLISTING +1 heavy shortbow (136 gold, have 58).
  1485 | D:3      | 1485 ||| BUYING scroll of identify (22 gold).
  1485 | D:3      | Bought a scroll of identify for 22 gold pieces
  1485 | D:3      | 1485 ||| BUYING scroll of identify (22 gold).
  1485 | D:3      | Bought a scroll of identify for 22 gold pieces
  1485 | D:3      | 1485 ||| SHOPLISTING scroll of teleportation (33 gold, have
                  | 14).
  1662 | D:3      | 1662 ||| READING 4 scrolls of identify.
  1662 | D:3      | 1662 ||| IDENTIFYING clear potion
  1663 | D:3      | 1663 ||| READING 3 scrolls of identify.
  1663 | D:3      | 1663 ||| IDENTIFYING scroll labelled VYNKIE DESE
  1664 | D:3      | 1664 ||| DROPPING scroll of blinking.
  1695 | D:4      | Reached skill level 8 in Ranged Weapons
  1754 | D:4      | Reached XP level 5. HP: 24/29 MP: 7/7
  1798 | D:4      | Found a runed translucent door.
  1804 | D:4      | Noticed qw's ghost (amateur DEHu)
  1941 | D:4      | Found a runed translucent door.
  2055 | D:4      | Reached skill level 9 in Ranged Weapons
  2061 | D:4      | Found a staircase to the Ecumenical Temple.
  2062 | D:4      | 2062 ||| PLANNING TEMPLE
  2062 | D:4      | 2062 ||| READING 2 scrolls of identify.
  2062 | D:4      | 2062 ||| IDENTIFYING amethyst potion
  2063 | D:4      | 2063 ||| READING scroll of identify.
  2063 | D:4      | 2063 ||| IDENTIFYING fuming coppery potion
  2064 | D:4      | 2064 ||| READING scroll labelled UBEASH NEMN.
  2065 | D:4      | 2065 ||| READING scroll labelled ESIQOPH VOJ OTWO.
  2065 | D:4      | 2065 ||| ENCHANTING +0 shortbow.
  2066 | D:4      | 2066 ||| READING scroll labelled ZULUKY YTAOM.
  2069 | D:4      | 2069 ||| DROPPING potion of lignification.
  2070 | D:4      | 2070 ||| DROPPING potion of brilliance.
  2107 | D:4      | Noticed a black bear
  2121 | D:4      | HP: 6/29 [black bear (5)]
  2122 | D:4      | 2122 ||| DRINKING 2 potions of heal wounds.
  2125 | D:4      | Slain by a black bear

Levels and vault maps discovered:
D:1:      dpeg_arrival_lava_altar, layout_loops_ring,
          shapermc_ecumenical_altar_acropolis
D:2:      layout_loops_ring, serial_shops, nicolae_square_shop, basic_altar,
          palyth_stone_intersect
D:3:      layout_rooms, serial_shops, shop
D:4:      layout_rooms, temple_hall, ebering_ghost_sewer_f,
          nicolae_zig_zag_zippers

Skill      XL: |  1  2  3  4  5 |
---------------+----------------+-----
Ranged Weapons | 6 7 8 9 |  9.0
Fighting       | |  1.5
Dodging        | |  2.4
Stealth        | |  1.2

Action                     |  1- 3 |  4- 6 || total
---------------------------+-------+-------++-------
   Fire: Shortbow          |    99 |    75 ||   174
    Use: Scroll            |     3 |     7 ||    10
         Potion            |       |     1 ||     1
 Armour: Leather armour    |     3 |       ||     3
         Ring mail         |     6 |    31 ||    37
  Dodge: Dodged            |    17 |    32 ||    49

Table legend:
 A = Non-vault XP
 B = Vault XP
 C = Vault XP percentage of total XP
 D = Non-vault monster count
 E = Vault monster count
 F = Vault count percentage of total count
                 A         B        C        D         E       F
            +---------+---------+-------+---------+---------+-------
      Total |     276 |       0 |   0.0 |      56 |       0 |   0.0
            +---------+---------+-------+---------+---------+-------
        D:1 |      42 |       0 |   0.0 |      23 |       0 |   0.0
        D:2 |      40 |       0 |   0.0 |      16 |       0 |   0.0
        D:3 |      37 |       0 |   0.0 |       8 |       0 |   0.0
        D:4 |     157 |       0 |   0.0 |       9 |       0 |   0.0
            +---------+---------+-------+---------+---------+-------
